 Dungeon Crawl Stone Soup version 0.27.1-1-g398f81649c (webtiles) character file.

Game seed: 15375770735456784939

108 Borgoz the Ruffian (level 4, -4/40 HPs)
             Began as a Ghoul Monk on Sept 6, 2021.
             Slain by Sigmund (11 damage)
             ... on level 2 of the Dungeon.
             The game lasted 00:03:27 (1886 turns).

Borgoz the Ruffian (Ghoul Monk)                     Turns: 1886, Time: 00:03:28

Health: -4/40      AC:  3    Str: 13 (14) XL:     4   Next: 87%
Magic:  3/3        EV: 12    Int:  2 (5)  God:
Gold:   54         SH:  0    Dex: 10 (12) Spells: 3/3 levels left

rFire    . . .     SeeInvis .     - Unarmed
rCold    + . .     Faith    .   (no shield)
rNeg     + + +     Spirit   .   a - +0 robe
rPois    ∞         Reflect  .   f - +0 helmet
rElec    .         Harm     .   (no cloak)
rCorr    .         Rampage  .   (no gloves)
Will     .....                  (no boots)
Stlth    ++........             (no amulet)
HPRegen  0.00/turn              (no ring)
MPRegen  0.08/turn              (no ring)

@: inhibited regen
A: claws 1, cold resistance 1, negative energy resistance 3, inhibited
regeneration, torment resistance 2
a: no special abilities


You were on level 2 of the Dungeon.
You visited 1 branch of the dungeon, and saw 2 of its levels.

You collected 54 gold pieces.

Inventory:

Armour
 a - a +0 robe (worn)
 f - a +0 helmet (worn)
Scrolls
 b - a scroll of amnesia {unknown}
 c - a scroll of enchant armour {unknown}
Potions
 d - a potion of degeneration


   Skills:
 * Level 4.1 Fighting
 * Level 1.9 Armour
 + Level 3.1 Dodging
 - Level 2.1 Stealth
 * Level 4.2 Unarmed Combat


You had 3 spell levels left.
You didn't know any spells.
Your spell library was empty.

Dungeon Overview and Level Annotations

Branches:
Dungeon (2/15)

Altars:

Annotations:
D:2 Sigmund


Innate Abilities, Weirdness & Mutations

You thrive by killing the living.
You are immune to poison.
You have sharp fingernails.
Your flesh is cold resistant. (rC+)
You are immune to negative energy. (rN+++)
You do not regenerate when monsters are visible.
You are immune to unholy pain and torment.


Message History

Sigmund is nearby!
Sigmund gestures at you while chanting.
You are confused.
You are too confused!
You are too confused!
You are too confused!
It was a potion of degeneration.
There was something very wrong with that liquid.
You feel weakened.
You feel dopey.
You feel clumsy.
It was a potion of mutation.
You feel extremely strange.
Your body decomposes!
You feel clumsy.
Your body decomposes!
You feel dopey. Sigmund barely misses you.
You bump into the rock wall.
Sigmund completely misses you.
You feel less confused.
Sigmund mumbles some strange words.
Sigmund flickers and vanishes!
Deactivating autopickup; reactivate with Ctrl-A.
Something hits you!
You miss something.
You hear some strange, mumbled words.
You are confused.
You bump into the rock wall.
Something hits you but does no damage.
You scratch something. You claw something! Something hits you.
Okay, then.
You are too confused!
You are too confused!
A magic dart appears from out of thin air!
The magic dart hits you. Something hits you!
You feel less confused.
You hear some strange, mumbled words.
A magic dart appears from out of thin air!
The magic dart hits you.
* * * LOW HITPOINT WARNING * * *
You closely miss something. Something hits you!
You die...

#.#........#####..#..#†..##..#
#.#.....).........#...)###..##
#.#........######.#.####...##
#.#........# #.#......#####
#.####.##########.....####....
#...............#.########.###
######.######.###..........#
#.# #.# #..######### #.# #@#
#..########### #.#
#{###............. #.#
#.#....########### #..
..#.#### ###
#.#.##############
#.#...............
#.################ #.#


There were no monsters in sight!

Vanquished Creatures
  Jessica (D:2)
  A gnoll (D:2)
  2 adders (D:2)
  A worm (D:2)
  2 dart slugs (D:1)
  3 orcs (D:2)
  9 ball pythons
  2 endoplasms
  A giant cockroach (D:1)
  A hobgoblin (D:1)
  2 quokkas
  3 bats
  4 frilled lizards
  8 goblins
  A kobold (D:2)
  5 rats
46 creatures vanquished.

Vanquished Creatures (others)
  5 plants (D:2)
5 creatures vanquished.

Grand Total: 51 creatures vanquished

Notes
Turn   | Place    | Note
-------+----------+-------------------------------------------
     0 | D:1      | Borgoz the Ghoul Monk began the quest for the Orb.
     0 | D:1      | Reached XP level 1. HP: 19/19 MP: 0/0
   179 | D:1      | Reached XP level 2. HP: 24/26 MP: 1/1
   567 | D:1      | Reached skill level 1 in Armour
   795 | D:1      | Reached XP level 3. HP: 31/31 MP: 2/2
  1087 | D:2      | Noticed Jessica
  1090 | D:2      | Killed Jessica
  1091 | D:2      | Reached XP level 4. HP: 40/40 MP: 3/3
  1869 | D:2      | Noticed Sigmund
  1886 | D:2      | Slain by Sigmund

Illustrated notes

Levels and vault maps discovered:
D:1:      onia_arrival_mini_maze, layout_basic
D:2:      minmay_evil_eye, layout_basic, chequers_serial_rivers_room_a,
          minmay_shallow_snake_nest, uniq_jessica, uniq_sigmund

Skill      XL: |  1  2  3  4 |
---------------+-------------+-----
Armour         | 1 |  1.9
Dodging        | 3 |  3.1
Unarmed Combat | 4 |  4.2
Fighting       | 4 |  4.1
Stealth        | |  2.1

Action                   |  1- 3 |  4- 6 || total
-------------------------+-------+-------++-------
Melee: Unarmed           |    49 |    90 ||   139
       Punch             |     2 |     1 ||     3
  Use: Potion            |       |     2 ||     2
 Stab: Sleeping          |     2 |     2 ||     4
Armor: Robe              |     5 |    17 ||    22
Dodge: Dodged            |    25 |    59 ||    84
